 Dungeon Crawl Stone Soup version 0.18-a0-1229-ge9a1a01 (webtiles) character file.

281 MrRokkomies the Chopper (level 6, 0/56 HPs)
             Began as a Hill Orc Gladiator on Feb 4, 2016.
             Slain by a centaur
             ... wielding a +3 dagger of venom
              (4 damage)
             ... on level 5 of the Dungeon.
             The game lasted 00:09:48 (2911 turns).

MrRokkomies the Chopper (Hill Orc Gladiator)        Turns: 2911, Time: 00:09:48

Health: 0/56       AC:  9    Str: 21    XL:     6   Next: 27%
Magic:  6/6        EV:  8    Int:  9    God:
Gold:   220        SH:  0    Dex: 11    Spells: 0 memorised, 5 levels left

rFire  . . .     SeeInvis +     a - +0 war axe
rCold  . . .     Gourm    +     q - +0 chain mail
rNeg   . . .     Faith    .     (no shield)
rPois  .         Spirit   .     (helmet restricted)
rElec  .         Dismiss  .     l - +0 cloak
rCorr  .         Reflect  .     (no gloves)
SustAt +         Harm     .     (no boots)
MR     .....                    u - amulet of the gourmand
Stlth  ..........               p - ring of sustain attributes
                                e - ring of see invisible

@: lethally poisoned (0 -> -34), very slightly contaminated, hasted, very quick,
not resistant to hostile enchantments, extremely unstealthy
A: antennae 1, strong 1
a: no special abilities


You were on level 5 of the Dungeon.
You were hungry.

You visited 2 branches of the dungeon, and saw 6 of its levels.

You collected 220 gold pieces.

Inventory:

Hand Weapons
 a - a +0 war axe (weapon)
Missiles
 d - 3 throwing nets (quivered)
Armour
 c - a +0 helmet
 l - a +0 cloak (worn)
 q - a +0 chain mail (worn)
Jewellery
 e - a ring of see invisible (left hand)
 p - a ring of sustain attributes (right hand)
 r - an uncursed ring of ice
 u - an amulet of the gourmand (around neck)
Wands
 w - a wand of confusion (30/48)
Scrolls
 b - a scroll of remove curse
 m - a scroll of immolation
 t - 2 scrolls of magic mapping
Potions
 j - a potion of haste
 n - a potion of flight {unknown}
 o - a potion of berserk rage {unknown}
 s - a potion of agility {unknown}
 v - a potion of poison {unknown}
 x - a potion of might {unknown}
Comestibles
 f - 6 bread rations
 g - a meat ration
 h - 3 beef jerkies


   Skills:
 - Level 5.0 Fighting
 * Level 6.9 Axes
 - Level 1.7 Throwing
 * Level 2.1 Armour
 - Level 2.4 Dodging


You had 5 spell levels left.
You didn't know any spells.

Dungeon Overview and Level Annotations

Branches:
Dungeon (5/15)             Temple (1/1) D:5

Altars:
Ashenzari
Cheibriados
Dithmenos
Elyvilon
Fedhas
Gozag
Kikubaaqudgha
Nemelex Xobeh
Okawaru
Pakellas
Ru
Sif Muna
Trog
Vehumet
Xom
Yredelemnul
Zin
The Shining One

Shops:
D:4 *

Annotations:
D:4 MrRokkomies's ghost, amateur HOAK


Innate Abilities, Weirdness & Mutations

You have a pair of small antennae on your head.
Your muscles are strong. (Str +2)


Message History

You feel sick.
The centaur hits you with an uncursed dagger of venom.
* * * LOW HITPOINT WARNING * * *
You are more poisoned.
The centaur hits you but does no damage.
You are more poisoned.
The crimson imp barely misses you.
Drink which item? (? for menu, Esc to quit)
It was a potion of haste.
You feel yourself speed up.
* * * LOW HITPOINT WARNING * * *
You feel very sick. The centaur closely misses you.
The crimson imp hits you but does no damage.
You are very lightly contaminated with residual magic.
Drink which item? (? for menu, Esc to quit)
It was a potion of magic.
Magic courses through your body.
* * * LOW HITPOINT WARNING * * *
You feel sick.
The centaur hits you with an uncursed dagger of venom.
You die...

...#.#### #.
......... . ###.
....<.... .......
#........ .......
......... ...#.
#.......#
#.#§##.......#
..###.§§§#§......#
......#@c§...####
#.§§5###### .
#.#§## .. #.#.#
... #.#.#
#...####.#.#
...........#
...........#
#.####.####


You could see a centaur and a crimson imp.

Vanquished Creatures
  A scorpion (D:5)
  Crazy Yiuf (D:2)
  2 orc wizards
  A worker ant (D:4)
  Robin (D:4)
  An adder (D:4)
  A worm (D:2)
  2 giant geckos
  15 orcs
  14 bats
  4 giant cockroaches
  7 hobgoblins
  3 jackals (D:2)
  6 kobolds
  4 quokkas
  A ball python (D:3)
  A ball python zombie (D:5)
  4 giant newts
  12 goblins
  9 rats
90 creatures vanquished.

Notes
Turn   | Place    | Note
--------------------------------------------------------------
     0 | D:1      | MrRokkomies the Hill Orc Gladiator began the quest for the Orb.
     0 | D:1      | Reached XP level 1. HP: 18/18 MP: 1/1
   135 | D:1      | Reached XP level 2. HP: 18/25 MP: 2/2
   589 | D:2      | Reached XP level 3. HP: 29/31 MP: 3/3
   611 | D:2      | Noticed Crazy Yiuf
   624 | D:2      | Killed Crazy Yiuf
   624 | D:2      | Reached skill level 5 in Axes
   874 | D:2      | Reached XP level 4. HP: 37/40 MP: 4/4
  1238 | D:3      | Found a sparkling altar of Nemelex Xobeh.
  1442 | D:3      | Reached XP level 5. HP: 47/47 MP: 5/5
  1451 | D:3      | Found a shimmering altar of Xom.
  1455 | D:3      | Found a bloodstained altar of Trog.
  1457 | D:3      | Found a white marble altar of Elyvilon.
  1465 | D:3      | Reached skill level 6 in Axes
  1844 | D:3      | Found a sacrificial altar of Ru.
  1845 | D:3      | Found an ancient bone altar of Kikubaaqudgha.
  1971 | D:4      | Found Kiesk's General Store.
  2027 | D:4      | Reached skill level 5 in Fighting
  2136 | D:4      | Noticed MrRokkomies's ghost (amateur HOAK)
  2180 | D:3      | Gained mutation: You have a pair of small antennae on your head. [potion of beneficial mutation]
  2181 | D:3      | Gained mutation: Your muscles are strong. (Str +2) [potion of beneficial mutation]
  2277 | D:4      | Noticed Robin
  2297 | D:4      | Killed Robin
  2418 | D:4      | Reached skill level 1 in Armour
  2418 | D:4      | Reached XP level 6. HP: 43/56 MP: 6/6
  2480 | D:5      | Entered Level 5 of the Dungeon
  2762 | D:5      | Found a staircase to the Ecumenical Temple.
  2768 | Temple   | Entered the Ecumenical Temple
  2911 | D:5      | Slain by a centaur

Vault maps used:
D:1:      evilmike_arrival_hilbert_curve
D:2:      uniq_crazy_yiuf_cottage
D:3:      nicolae_overflow_hidden_temple, nemelex_deck
D:4:      serial_shops, nicolae_shop_temple_entry_statues_fountains,
          first_bread, kennysheep_potato, uniq_robin
D:5:      minmay_temple_entry_hall, kennysheep_minor_cross,
          kennysheep_generic_room_11
Temple:   zaba_magenta_temple_12

Action                   |  1- 3 |  4- 6 || total
-------------------------+-------+-------++-------
Melee: War axe           |    89 |   228 ||   317
  Use: Scroll            |     4 |     4 ||     8
       Potion            |       |     7 ||     7
  Eat: Chunk             |       |     6 ||     6
